 Dungeon Sprint DCSS version 0.31.0-9-g3a7656b989 (console) character file.

Game seed: 2584806569475800966

1643 AlterAsc the Grappler (level 8, -4/138 HPs)
             Began as a Troll Berserker on Jan 28, 2024.
             Was a Priest of Trog.
             Slain by a centaur warrior (5 damage)
             ... in the Dungeon (Sprint I: "Red Sonja").
             The game lasted 00:02:00 (324 turns).

AlterAsc the Grappler (Troll Berserker)              Turns: 324, Time: 00:02:00

Health: -4/138     AC:  4    Str: 28    XL:     8   Next: 67%
Magic:  7/7        EV: 12    Int:  3    God:    Trog [***...]
Gold:   547        SH:  0    Dex:  9    Spells: 7/7 levels left

rFire   . .          .
                       - Unarmed
rCold   . . .        (no shield)
rNeg    . . .        a - +0 animal skin
rPois   .            (helmet restricted)
rElec   .            (no cloak)
rCorr   .            (gloves unavailable)
SInv    .            (boots unavailable)
Will    .....        (no amulet) Stlth
                     (no ring)
HPRegen 1.23/turn    (no ring)
MPRegen 0.10/turn

%: no teleportation
@: berserking, very quick
A: large, unfitting armour, claws 3, regeneration 1, shaggy fur 1, tough skin 1
a: Renounce Religion, Berserk, Trog's Hand


You were in the Dungeon.
You worshipped Trog.
Trog was most pleased with you.
You visited 1 branch You collected 547 gold pieces.

Inventory:

Armour
 a - a +0 animal skin (worn)
Wands
 h - a wand of flame (4)
 i - a wand of roots (6)
 j - a wand of charming (8)
Scrolls
 g - a scroll of blinking
Potions
 b - a potion of curing
 c - a potion of heal wounds
 d - a potion of haste
 e - 2 potions of magic
 f - a potion of berserk rage
 k - a potion of mutation {unknown}


   Skills:
 + Level 9.1 Fighting
 + Level 10.0 Dodging
 + Level 0.1 Stealth
 + Level 12.5 Unarmed Combat


You had 7 spell levels left.
You didn't know any spells.
Your spell library was empty.

Dungeon Overview and Level Annotations

Branches:
Dungeon (1/1)

Altars:
Cheibriados
Dithmenos
Elyvilon
Fedhas
Gozag
Hepliaklqana
Kikubaaqudgha
Makhleb
Nemelex Xobeh
Okawaru
Qazlal
Ru
Sif Muna
Trog
Uskayaw
Vehumet
Wu Jian
Xom
Yredelemnul
Zin
The Shining One
Jiyva
Lugonu

Shops:
D *


Innate Abilities, Weirdness & Mutations

You are too large for most types of armour.
You have claws for hands.
Your natural rate of healing is unusually fast.
You are covered in fur. (AC +1)
You have tough skin. (AC +1)


Message History

The arrow hits you!
You barely miss the centaur warrior. The centaur warrior closely misses you.
The centaur warrior completely misses you.
The centaur warrior unwields a +0 orcbow.
The centaur warrior hits you! The centaur warrior misses you.
You claw the centaur warrior!
The centaur warrior is lightly wounded.
The centaur warrior hits you! The centaur warrior kicks you.
The centaur warrior hits you but does no damage.
The centaur warrior barely misses you. x2; The centaur warrior misses you.
You claw the centaur warrior!
The centaur warrior is moderately wounded.
The centaur warrior hits you! The centaur warrior closely misses you.
The centaur warrior hits you!
* * * LOW HITPOINT WARNING * * *
The centaur warrior kicks you.
* * * LOW HITPOINT WARNING * * *
A red film seems to cover your vision as you go berserk!
You feel yourself moving faster!
You feel mighty! The centaur warrior hits you!
* * * LOW HITPOINT WARNING * * *
The centaur warrior kicks you but does no damage.
The centaur warrior barely misses you. x2
You are too injured to fight recklessly!
You mangle the centaur warrior!!
The centaur warrior is severely wounded.
The centaur warrior hits you.
* * * LOW HITPOINT WARNING * * *
The centaur warrior kicks you.
* * * LOW HITPOINT WARNING * * *
The centaur warrior misses you.
The centaur warrior completely misses you.
You are too berserk!
You closely miss the centaur warrior. Your claw misses the centaur warrior.
The centaur warrior is severely wounded.
The centaur warrior barely misses you. x2; The centaur warrior hits you.
* * * LOW HITPOINT WARNING * * *
The centaur warrior misses you.
You closely miss the centaur warrior. You claw the centaur warrior!!
The centaur warrior is almost dead.
The centaur warrior hits you.
You die...

################
#..').#..'..#__#
').#..').#..'..+
#####'#####'#__####
####..#...#=####/[#
#__####..##[#~~~§§#
#_____##'#_.+~§§c§+
#_.∩...'..._#~§§@c#
#_..__##_.#'##§####
#_____###'#.#.§..#
#########)####'###
.......'...'.....+
++++####...#######
##.## #+#


You could see 2 centaur warriors.

Vanquished Creatures
  Sonja (D)
  A deep troll (D)
  A slime creature (D)
  Sigmund (D)
  A yak (D)
  An ogre (D)
  A jelly (D)
  Ijyb (D)
8 creatures vanquished.

Notes
Turn   | Place    | Note
-------+----------+-------------------------------------------
     0 | D        | AlterAsc the Troll Berserker began the quest for the Orb.
     0 | D        | Reached XP level 1. HP: 22/22 MP: 0/0
     1 | D        | Noticed Ijyb
     8 | D        | Killed Ijyb
     9 | D        | Reached skill level 4 in Unarmed Combat
     9 | D        | Reached XP level 2. HP: 32/32 MP: 1/1
    12 | D        | Noticed an ogre
    16 | D        | Killed an ogre
    17 | D        | Reached skill level 5 in Fighting
    17 | D        | Reached skill level 5 in Dodging
    17 | D        | Reached skill level 6 in Unarmed Combat
    17 | D        | Reached XP level 3. HP: 42/42 MP: 2/2
    17 | D        | Reached XP level 4. HP: 50/50 MP: 3/3
    52 | D        | Noticed Sigmund
    58 | D        | Killed Sigmund
    58 | D        | Reached ** piety under Trog
    59 | D        | Reached skill level 7 in Unarmed Combat
    59 | D        | Reached XP level 5. HP: 59/59 MP: 4/4
    81 | D        | Found a burning altar of Makhleb.
    81 | D        | Found a shimmering altar of Xom.
    81 | D        | Noticed a slime creature
    82 | D        | Found a viscous altar of Jiyva.
    82 | D        | Found a corrupted altar of Lugonu.
    88 | D        | Killed a slime creature
    89 | D        | Reached skill level 9 in Unarmed Combat
    89 | D        | Reached XP level 6. HP: 43/71 MP: 5/5
   114 | D        | Found an ornate altar of the Wu Jian Council.
   114 | D        | Found a shimmering blue altar of Sif Muna.
   116 | D        | Found a radiant altar of Vehumet.
   149 | D        | Found Dipodebe's Assorted Antiques.
   149 | D        | Found an ancient bone altar of Kikubaaqudgha.
   149 | D        | Found a hazy altar of Hepliaklqana.
   149 | D        | Found a hide-covered altar of Uskayaw.
   149 | D        | Found a basalt altar of Yredelemnul.
   149 | D        | Found an opulent altar of Gozag.
   149 | D        | Found a snail-covered altar of Cheibriados.
   149 | D        | Found a sacrificial altar of Ru.
   149 | D        | Found a shadowy altar of Dithmenos.
   149 | D        | Noticed a yak
   153 | D        | Killed a yak
   153 | D        | Reached *** piety under Trog
   154 | D        | Reached XP level 7. HP: 69/78 MP: 6/6
   154 | D        | Found a stormy altar of Qazlal.
   154 | D        | Found a blossoming altar of Fedhas.
   154 | D        | Found a bloodstained altar of Trog.
   154 | D        | Found an iron altar of Okawaru.
   154 | D        | Found a glowing golden altar of the Shining One.
   154 | D        | Found a glowing silver altar of Zin.
   154 | D        | Found a white marble altar of Elyvilon.
   155 | D        | Found a sparkling altar of Nemelex Xobeh.
   167 | D        | Noticed Sonja
   170 | D        | Killed Sonja
   171 | D        | Reached skill level 11 in Unarmed Combat
   171 | D        | Reached XP level 8. HP: 53/89 MP: 7/7
   242 | D        | Noticed a deep troll
   250 | D        | Killed a deep troll
   251 | D        | Reached skill level 10 in Dodging
   251 | D        | Reached skill level 12 in Unarmed Combat
   313 | D        | Noticed a centaur warrior
   314 | D        | Noticed a centaur warrior
   322 | D        | HP: 5/138 [centaur warrior (5)]
   323 | D        | HP: 1/138 [centaur warrior (4)]
   324 | D        | Slain by a centaur warrior

Illustrated notes

Levels and vault maps discovered:
D:        dungeon_sprint_1 [red_sonja_temple_1, red_sonja_temple_small_1]

Skill      XL: |  1  2  3  4  5  6  7  8 |
---------------+-------------------------+-----
Fighting       | 3 5 6 7 8 9 |  9.1
Dodging        | 3 5 6 7 8 9 10 | 10.0
Unarmed Combat | 4 6 7 9 11 12 | 12.5
Stealth        | |  0.1

Action                     |  1- 3 |  4- 6 |  7- 9 || total
---------------------------+-------+-------+-------++-------
  Melee: Unarmed           |     8 |    20 |    13 ||    41
         Punch             |     1 |       |     1 ||     2
 Invoke: Berserk           |     1 |       |     3 ||     4
 Armour: Animal skin       |     3 |     7 |    26 ||    36
  Dodge: Dodged            |     3 |     7 |    21 ||    31
